 Dungeon Crawl Stone Soup version 0.20.1-1-g8b1a95d (webtiles) character file.

6046 vatarom the Fighter (level 10, -4/83 HPs)
             Began as a Demonspawn Necromancer on Oct 10, 2017.
             Was a Priest of Kikubaaqudgha.
             Slain by a yak (9 damage)
             ... on level 10 of the Dungeon.
             The game lasted 00:31:01 (9186 turns).

vatarom the Fighter (Demonspawn Necromancer)        Turns: 9186, Time: 00:31:02

Health: -4/83      AC:  3    Str: 14    XL:     10   Next: 57%
Magic:  20/23      EV: 12    Int: 19    God:    Kikubaaqudgha [***...]
Gold:   505        SH:  0    Dex: 14    Spells: 1/27 levels left

rFire    + . .     SeeInvis .   t - +3 scythe (freeze)
rCold    . . .     Gourm    +   (shield currently unavailable)
rNeg     . . .     Faith    .   B - +0 leather armour (curse)
rPois    .         Spirit   .   y - +0 hat {MR+}
rElec    +         Reflect  .   (no cloak)
rCorr    .         Harm     .   (no gloves)
MR       +....                  (no boots)
Stlth    ++........             A - amulet of the gourmand
Regen    0.7/turn               h - ring of fire
MPRegen  0.2/turn               o - +3 ring of intelligence

@: no status effects
A: claws 2, cold resistance 1, regeneration 1, electricity resistance, spiny 2,
strong 1, freezing cloud immunity
a: Receive Corpses, Renounce Religion


You were on level 10 of the Dungeon.
You worshipped Kikubaaqudgha.
Kikubaaqudgha was most pleased with you.
You were not hungry.

You visited 2 branches of the dungeon, and saw 11 of its levels.
You also visited: Sewer.

You collected 505 gold pieces.

Inventory:

Hand Weapons
 m - a +2 dagger of venom
 t - a +3 scythe of freezing (weapon)
Armour
 a - a +1 robe
 y - a +0 hat of magic resistance (worn)
 B - a cursed +0 leather armour (worn)
Jewellery
 d - an uncursed ring of protection from fire
 h - a ring of fire (left claw)
 o - a +3 ring of intelligence (right claw)
 r - a +5 ring of intelligence
 A - an amulet of the gourmand (around neck)
Wands
 s - a wand of paralysis (6/24)
 D - a wand of digging (14/24)
 I - a wand of flame (8/48)
Scrolls
 b - 2 scrolls of teleportation
 e - 2 scrolls of recharging
 g - a scroll of amnesia
 j - 3 scrolls of identify
 k - a scroll of fear
 l - a scroll of noise {unknown}
 q - 3 scrolls of blinking
 v - 2 scrolls of enchant weapon
 z - a scroll of remove curse
 E - a scroll of fog {unknown}
 H - a scroll of enchant armour
Potions
 f - a potion of flight
 i - 2 potions of curing
 n - a potion of invisibility
 u - a potion of cancellation
 F - 2 potions of might
Books
 x - Kikubaaqudgha's Volume of Sinister Rituals
   (Kikubaaqudgha gifted it to you on level 7 of the Dungeon)

   Spells                             Type                      Level
   a - Animate Skeleton               Necromancy                   1
   b - Corpse Rot                     Necromancy                   2
   c - Sublimation of Blood           Necromancy                   2
   d - Regeneration                   Charms/Necromancy            3
   e - Control Undead                 Necromancy                   4
 G - Kikubaaqudgha's Compendium of Black Secrets
   (Kikubaaqudgha gifted it to you on level 8 of the Dungeon)

   Spells                             Type                      Level
   a - Animate Dead                   Necromancy                   4
   b - Agony                          Necromancy                   5
   c - Cigotuvi's Embrace             Necromancy                   5
   d - Dispel Undead                  Necromancy                   5
   e - Simulacrum                     Ice/Necromancy               6
Comestibles
 c - 2 bread rations
 p - 6 royal jellies
 w - 4 meat rations
 C - 4 fruits


   Skills:
 + Level 9.4 Fighting
 * Level 3.9 Polearms
 - Level 1.7 Dodging
 - Level 1.7 Stealth
 * Level 9.3 Spellcasting
 + Level 9.0 Necromancy


You had one spell level left.
You knew the following spells:

 Your Spells              Type           Power        Failure   Level  Hunger
a - Pain                  Necr           ####         1%          1    None
b - Animate Skeleton      Necr           N/A          1%          1    None
c - Vampiric Draining     Necr           #####.....   1%          3    None
d - Animate Dead          Necr           N/A          2%          4    ###....
e - Control Undead        Necr           #####.....   2%          4    ###....
f - Regeneration          Chrm/Necr      ####......   4%          3    None
g - Agony                 Necr           #####...     7%          5    #####..
h - Cigotuvi's Embrace    Necr           #####.....   7%          5    #####..


Dungeon Overview and Level Annotations

Branches:
Dungeon (10/15)            Temple (1/1) D:6            Lair (0/6) D:8
    Orc (0/2) D:9

Altars:
Ashenzari
Cheibriados
Dithmenos
Elyvilon
Fedhas
Gozag
Hepliaklqana
Kikubaaqudgha
Makhleb
Nemelex Xobeh
Okawaru
Qazlal
Ru
Sif Muna
Trog
Uskayaw
Vehumet
Xom
Yredelemnul
Zin
The Shining One

Annotations:
D:3 bmj180's ghost, novice KoBe
D:8 vatarom's ghost, novice DsAK


Innate Abilities, Weirdness & Mutations

You have very sharp fingernails.
Your flesh is cold resistant. (rC+)
You are mostly covered in sharp spines.
You are immune to freezing clouds.
Your natural rate of healing is unusually fast.
You are resistant to electric shocks. (rElec)
Your muscles are strong. (Str +2)


Message History

Attack whom?
Press: ? - help, Dir - move target cursor, f/p - yak
Aim: a yak (moderately wounded)
You could not reach far enough!
The yak gores your orc wizard zombie!
Your orc wizard zombie is destroyed!
The yak is struck by your spines. The yak closely misses you.
The yak gores you!
* * * LOW HITPOINT WARNING * * *
Attack whom?
Press: ? - help, Dir - move target cursor, f/p - yak
Aim: a yak (moderately wounded)
You slash the yak! You freeze the yak.
The yak is almost dead.
The yak gores you.
* * * LOW HITPOINT WARNING * * *
The yak is struck by your spines. The yak gores you!
* * * LOW HITPOINT WARNING * * *
The yak gores you!
You die...
Kikubaaqudgha rasps: "You have failed me!
Welcome... death!"

#. #. #.
#>#+######.
#..........
#..........
#.)........
#.YY######
#.Y@#..<.#
#...'....#
#.$.'....#
#...#....#
##..#....#
#..######
#... #...
##.


You could see 3 yaks.

Vanquished Creatures
  A hippogriff (D:5)
  Sigmund (D:5)
  A human (D:7)
  4 hogs (D:7)
  5 orc warriors
  3 ice beasts
  7 ogres
  A phantom (D:6)
  3 centaurs
  A crocodile (D:8)
  A big kobold (Sewer)
  4 bullfrogs (D:7)
  A wyvern skeleton (D:6)
  5 scorpions
  22 killer bees
  A wight (D:7)
  A howler monkey (D:7)
  4 crimson imps
  2 jellies (D:6)
  A quasit (D:8)
  6 hounds
  2 orc priests (D:9)
  4 iguanas
  6 worker ants
  Natasha (twice) (D:2)
  8 orc wizards
  11 adders
  A river rat (Sewer)
  2 howler monkey skeletons (D:9)
  2 shadow imps
  3 oozes
  An adder skeleton (D:4)
  2 worms
  2 dart slugs (D:2)
  3 leopard geckos
  31 orcs
  7 bats
  5 giant cockroaches
  5 hobgoblins
  11 jackals
  6 kobolds
  2 quokkas
  A ball python (D:6)
  3 frilled lizards
  5 goblins
  11 rats
211 creatures vanquished.

Vanquished Creatures (collateral kills)
  Prince Ribbit (D:6)
  An ice beast (D:8)
  A sky beast (D:5)
  A killer bee (D:8)
  2 howler monkeys (D:7)
  A bullfrog skeleton (D:6)
  An ooze (D:7)
  3 orcs
  A bat (D:1)
  2 giant cockroaches (D:7)
  A goblin (D:1)
  A jackal (Sewer)
  2 kobolds (Sewer)
  A frilled lizard (D:5)
19 creatures vanquished.

Vanquished Creatures (others)
  An adder skeleton (D:8)
1 creature vanquished.

Grand Total: 231 creatures vanquished

Notes
Turn   | Place    | Note
-------+----------+-------------------------------------------
     0 | D:1      | vatarom the Demonspawn Necromancer began the quest for the Orb.
     0 | D:1      | Reached XP level 1. HP: 13/13 MP: 3/3
   438 | D:1      | Learned a level 1 spell: Animate Skeleton
   564 | D:1      | Gained mutation: Your flesh is cold resistant. (rC+) [demonic ancestry]
   564 | D:1      | Reached XP level 2. HP: 19/20 MP: 3/5
   619 | D:1      | Reached skill level 1 in Fighting
  1143 | D:1      | Reached XP level 3. HP: 24/26 MP: 3/6
  1269 | D:1      | Learned a level 3 spell: Vampiric Draining
  1420 | D:2      | Gained mutation: You are resistant to electric shocks. (rElec) [potion of mutation]
  1420 | D:2      | Gained mutation: Your muscles are strong. (Str +2) [potion of mutation]
  1420 | D:2      | Gained mutation: Your natural rate of healing is unusually fast. [potion of mutation]
  1739 | D:2      | Noticed Natasha
  1746 | D:2      | Killed Natasha
  1879 | D:2      | Gained mutation: You are immune to freezing clouds. [demonic ancestry]
  1879 | D:2      | Reached XP level 4. HP: 26/33 MP: 6/8
  2161 | D:2      | Noticed Natasha
  2165 | D:2      | Killed Natasha
  2302 | D:2      | Learned a level 4 spell: Animate Dead
  2337 | D:3      | Noticed bmj180's ghost (novice KoBe)
  2346 | D:3      | HP: 1/34 [bmj180's ghost (3)]
  3117 | D:4      | Found a glowing drain.
  3168 | D:4      | Reached skill level 5 in Necromancy
  3168 | D:4      | Gained mutation: You have sharp fingernails. [demonic ancestry]
  3168 | D:4      | Reached XP level 5. HP: 28/40 MP: 4/10
  3243 | Sewer    | Entered a sewer
  3408 | Sewer    | Found a glowing silver altar of Zin.
  3494 | D:4      | Gained mutation: You are partially covered in sharp spines. [demonic ancestry]
  3494 | D:4      | Reached XP level 6. HP: 28/47 MP: 5/12
  4066 | D:5      | Entered Level 5 of the Dungeon
  4087 | D:5      | Noticed a hippogriff
  4107 | D:5      | Killed a hippogriff
  4107 | D:5      | Gained mutation: You are mostly covered in sharp spines. [demonic ancestry]
  4107 | D:5      | Reached XP level 7. HP: 12/55 MP: 12/14
  4142 | D:5      | Reached skill level 5 in Spellcasting
  4230 | D:5      | Found a radiant altar of Vehumet.
  4268 | D:5      | Reached skill level 5 in Fighting
  4384 | D:5      | Noticed Sigmund
  4399 | D:5      | Killed Sigmund
  4399 | D:5      | Reached XP level 8. HP: 58/63 MP: 2/16
  4464 | D:5      | Got a transparent scale mail
  4465 | D:5      | Identified the +4 scale mail "Xuycymotz" {rC+++ MR- Int+5} (You found it on level 5 of the Dungeon)
  4748 | D:5      | Learned a level 4 spell: Control Undead
  4752 | D:5      | Learned a level 3 spell: Regeneration
  4866 | D:6      | Noticed Prince Ribbit
  4875 | D:6      | Killed Prince Ribbit
  5564 | D:6      | Found a staircase to the Ecumenical Temple.
  5623 | Temple   | Entered the Ecumenical Temple
  5734 | Temple   | Became a worshipper of Kikubaaqudgha
  5916 | D:6      | Gained mutation: You have very sharp fingernails. [demonic ancestry]
  5916 | D:6      | Reached XP level 9. HP: 71/72 MP: 19/19
  5933 | D:6      | Identified a scroll of acquirement
  6520 | D:7      | Reached * piety under Kikubaaqudgha
  6520 | D:7      | Identified Kikubaaqudgha's Volume of Sinister Rituals (Kikubaaqudgha gifted it to you on level 7 of the Dungeon)
  6520 | D:7      | Received a gift from Kikubaaqudgha
  7083 | D:7      | Found a sparkling altar of Nemelex Xobeh.
  7225 | D:8      | Found a staircase to the Lair.
  7226 | D:8      | Reached ** piety under Kikubaaqudgha
  7227 | D:8      | Reached XP level 10. HP: 77/83 MP: 22/22
  7229 | D:8      | Reached skill level 1 in Polearms
  7247 | D:8      | Noticed vatarom's ghost (novice DsAK)
  7729 | D:8      | Found a hide-covered altar of Uskayaw.
  8147 | D:8      | Reached *** piety under Kikubaaqudgha
  8147 | D:8      | Identified Kikubaaqudgha's Compendium of Black Secrets (Kikubaaqudgha gifted it to you on level 8 of the Dungeon)
  8147 | D:8      | Received a gift from Kikubaaqudgha
  8159 | D:8      | Learned a level 5 spell: Agony
  8511 | D:9      | Found a staircase to the Orcish Mines.
  8797 | D:9      | Learned a level 5 spell: Cigotuvi's Embrace
  9168 | D:10     | Entered Level 10 of the Dungeon
  9186 | D:10     | Slain by a yak

Skill      XL: |  1  2  3  4  5  6  7  8  9 10 |
---------------+-------------------------------+-----
Fighting       | 1 2 3 4 5 7 9 |  9.4
Spellcasting   | 3 4 5 7 8 9 |  9.3
Necromancy     | 5 6 7 8 9 |  9.0
Polearms       | 3 |  3.9
Dodging        | |  1.7
Stealth        | |  1.7

Action                   |  1- 3 |  4- 6 |  7- 9 | 10-12 || total
-------------------------+-------+-------+-------+-------++-------
Melee: Mace              |    79 |    88 |       |       ||   167
       Unarmed           |     7 |       |       |       ||     7
       Dagger            |       |    28 |    17 |       ||    45
       Scythe            |       |       |   120 |   121 ||   241
 Cast: Pain              |    27 |    37 |    11 |       ||    75
       Animate Skeleton  |     8 |     1 |       |       ||     9
       Animate Dead      |       |     7 |    11 |    12 ||    30
       Vampiric Draining |       |     9 |     7 |     9 ||    25
       Control Undead    |       |       |     5 |     8 ||    13
       Regeneration      |       |       |       |     7 ||     7
       Agony             |       |       |       |     2 ||     2
       Cigotuvi's Embrac |       |       |       |     2 ||     2
  Use: Scroll            |     5 |     5 |     8 |     3 ||    21
       Potion            |     4 |     7 |     9 |     3 ||    23
 Stab: Sleeping          |     3 |     7 |     8 |     3 ||    21
  Eat: Chunk             |     4 |     6 |     8 |     3 ||    21
       Royal jelly       |       |     1 |       |       ||     1
       Bread ration      |       |       |     2 |     1 ||     3
Armor: Robe              |    24 |    15 |    23 |    21 ||    83
       Skin              |       |    15 |       |       ||    15
       Leather armour    |       |       |       |     6 ||     6
Dodge: Dodged            |    90 |    99 |    94 |   129 ||   412
Block: Other             |       |       |       |     1 ||     1
